 Dungeon Crawl Stone Soup version 0.32-a0-433-g08bcfe7efd (webtiles) character file.

Game seed: 5103134612064864268

9798 garrulousMonolith the Cleaver (level 11, -2/95 HPs)
             Began as a Mountain Dwarf Fighter on Feb 22, 2024.
             Was a Priest of Beogh.
             Slain by a seven-headed hydra (3 damage)
             ... on level 1 of the Lair of Beasts.
             The game lasted 00:14:00 (13281 turns).

garrulousMonolith the Cleaver (MDFi)               Turns: 13281, Time: 00:14:01

Health: -2/95      AC: 15    Str: 24    XL:     11   Next: 27%
Magic:  14/17      EV:  9    Int:  6    God:    Beogh [***...]
Gold:   456        SH: 10    Dex: 11    Spells: 10/10 levels left

rFire   + . .        I - +1 trident of Lytzanon {elec, rElec Str+4}
rCold   + + +        D - +0 kite shield
rNeg    . . .        l - +3 scale mail of the Echidna {rF+ rC+++ Int-4 Slay+3}
rPois   .            (no helmet)
rElec   +            f - +0 cloak
rCorr   .            u - +0 pair of gloves
SInv    .            n - +0 pair of boots
Will    +....        L - amulet of faith Stlth
                     s - ring of flight
HPRegen 0.35/turn    (no ring)
MPRegen 0.15/turn

%: faith
@: flying
A: runic magic, artefact enchanting
a: Renounce Religion, Smiting


You were on level 1 of the Lair of Beasts.
You worshipped Beogh.
Beogh was most pleased with you.
You visited 3 branches of the dungeon, and saw 12 of its levels.
You also visited: Sewer.

You collected 456 gold pieces.

Inventory:

Hand Weapons
 a - a +2 war axe of freezing
 y - a +4 trident of freezing
 I - the +1 trident of Lytzanon (weapon) {elec, rElec Str+4}
   (You found it on level 9 of the Dungeon)

   Str+4:     It affects your strength (+4).
   rElec:     It insulates you from electricity.
 J - a +1 whip of draining
 S - a +0 broad axe
Missiles
 o - 19 poisoned darts (quivered)
 t - 10 javelins
 x - 6 silver javelins
 R - a throwing net
Armour
 c - a +0 buckler
 d - a +0 chain mail of fire resistance
 f - a +0 cloak (worn)
 l - the +3 scale mail of the Echidna (worn) {rF+ rC+++ Int-4 Slay+3}
   (You found it on level 2 of the Dungeon)

   Int-4:     It affects your intelligence (-4).
   Slay+3:    It affects your accuracy & damage with ranged weapons and melee
   (+3).
   rF+:       It protects you from fire.
   rC+++:     It renders you almost immune to cold.
 n - a +0 pair of boots (worn)
 u - a +0 pair of gloves (worn)
 D - a +0 kite shield (worn)
 P - a scarf of invisibility
Jewellery
 m - a ring of wizardry
 s - a ring of flight (left hand)
 B - an amulet of reflection
 F - a ring of ice
 L - an amulet of faith (around neck)
 Q - a ring of positive energy
Wands
 r - a wand of mindburst (10)
 C - a wand of flame (31)
 M - a wand of roots (15)
 O - a wand of paralysis (13)
 T - a wand of light (4)
Scrolls
 b - a scroll of teleportation
 v - 2 scrolls of butterflies
 z - 3 scrolls of immolation
 V - a scroll of silence
Potions
 e - a potion of ambrosia {unknown}
 g - a potion of haste
 h - 5 potions of lignification
 i - 2 potions of enlightenment {unknown}
 j - a potion of attraction {unknown}
 k - 3 potions of invisibility
 w - a potion of cancellation
 A - 3 potions of magic
 E - 2 potions of resistance
 G - 4 potions of brilliance
 H - 3 potions of mutation
 K - a potion of degeneration {unknown}
 N - a potion of might


   Skills:
 + Level 8.7 Fighting
 * Level 12.6 Axes
 + Level 8.7 Armour
 + Level 8.5 Shields
 + Level 9.2 Invocations


You had 10 spell levels left.
You didn't know any spells.
Your spell library contained the following spells:

 Spells                   Type           Power      Damage    Failure   Level
 Sublimation of Blood     Necr           0%         N/A       86%         2
 Petrify                  Alch/Erth      0%         N/A       100%        4
 Irradiate                Conj/Alch      0%         3d11      100%        5


Dungeon Overview and Level Annotations

Branches:
Dungeon (10/15)            Temple (1/1) D:5            Lair (1/5) D:9
  Sewer (visited)
    Orc: D:9-12

Altars:
Ashenzari
Cheibriados
Dithmenos
Elyvilon
Fedhas
Gozag
Hepliaklqana
Kikubaaqudgha
Makhleb
Nemelex Xobeh
Okawaru
Qazlal
Ru
Sif Muna
Trog
Uskayaw
Vehumet
Wu Jian
Xom
Yredelemnul
Zin
The Shining One

Shops:
D:7 *


Innate Abilities, Weirdness & Mutations

Your facial features look somewhat orcish.
Your spellcasting is much less encumbered by armour.
You can use scrolls of enchantment on lesser artefacts.


Message History

The seven-headed hydra bites you!
The seven-headed hydra closely misses you. x2
The seven-headed hydra bites you.
The seven-headed hydra barely misses you.
The seven-headed hydra bites you but does no damage.
You block the seven-headed hydra's attack.
You puncture the seven-headed hydra!
The seven-headed hydra is moderately wounded.
The seven-headed hydra is no longer blind.
The seven-headed hydra bites you but does no damage.
The seven-headed hydra bites you!
You block the seven-headed hydra's attack. x2
The seven-headed hydra bites you but does no damage.
The seven-headed hydra closely misses you.
You block the seven-headed hydra's attack.
You hit the seven-headed hydra.
The seven-headed hydra is moderately wounded.
The seven-headed hydra bites you but does no damage.
The seven-headed hydra bites you.
* * * LOW HITPOINT WARNING * * *
The seven-headed hydra bites you.
* * * LOW HITPOINT WARNING * * *
The seven-headed hydra bites you but does no damage.
The seven-headed hydra misses you. The seven-headed hydra bites you.
* * * LOW HITPOINT WARNING * * *
The seven-headed hydra bites you!
* * * LOW HITPOINT WARNING * * *
Okay, then.
Aiming: Smiting
Press: ? - help, Dir - move target, f - seven-headed hydra Smite: a seven-headed hydra (moderately wounded)
You smite the seven-headed hydra!!
The seven-headed hydra is severely wounded.
The seven-headed hydra bites you!
* * * LOW HITPOINT WARNING * * *
The seven-headed hydra bites you.
* * * LOW HITPOINT WARNING * * *
The seven-headed hydra barely misses you.
The seven-headed hydra bites you.
You die...

#.. #≈h≈ #....##
#)##≈≈≈ ##....P# ..#≈≈~
#.....### #.#≈F
#........ #...
#........ ##..
#........ #..##
#.....### #..###
##....## #.hD@##
##.....# ####..#
#.....## #...##
##....## #....# #.....#
#...###### #....##
###.###...#.##P###....#
......................#
......................#
......................#


You could see a seven-headed hydra and a wolf.

Vanquished Creatures
  A two-headed ogre (D:10)
  Pikel (D:5)
  2 cane toads (Lair:1)
  Maggie (D:9)
  A polar bear (Lair:1)
  Grinder (D:3)
  16 yaks
  A wyvern (D:9)
  A steam dragon (D:9)
  Menkaure (D:7)
  4 water moccasins
  Pargi (D:4)
  A sky beast (D:7)
  3 orc warriors
  6 ice beasts
  An ogre (D:5)
  5 centaurs
  A wolf (Lair:1)
  A lemure (D:5)
  3 phantoms
  2 kobold brigands (D:8)
  A bullfrog (D:9)
  4 gnoll sergeants
  3 scorpions
  10 wights (D:8)
  5 killer bees
  8 jellies
  3 orc priests (D:10)
  2 bombardier beetles
  2 hounds
  A gnoll bouda (D:9)
  4 iguanas
  2 sleepcaps
  3 orc wizards
  11 adders
  20 gnolls
  A river rat (Sewer)
  2 shadow imps
  2 ufetubi (D:6)
  2 dart slugs
  2 ribbon worms
  23 orcs
  8 ball pythons
  4 bats
  12 endoplasms
  5 giant cockroaches
  10 goblins
  16 hobgoblins
  8 jackals
  28 kobolds
  A quokka (D:4)
  8 frilled lizards
  11 rats
276 creatures vanquished.

Vanquished Creatures (others)
  A killer bee (D:7)
1 creature vanquished.

Grand Total: 277 creatures vanquished

Notes
Turn   | Place    | Note
-------+----------+-------------------------------------------
     0 | D:1      | garrulousMonolith the Mountain Dwarf Fighter began the
                  | quest for the Orb.
     0 | D:1      | Reached XP level 1. HP: 19/19 MP: 1/1
   180 | D:1      | Reached XP level 2. HP: 21/26 MP: 2/2
   233 | D:1      | Reached skill level 1 in Invocations
   251 | D:1      | Reached skill level 3 in Axes
   407 | D:1      | Reached XP level 3. HP: 29/31 MP: 3/3
  1140 | D:2      | Found a faded altar of an unknown god.
  1168 | D:2      | Identified the +1 scale mail of the Echidna {rF+ rC+++
                  | Int-4 Slay+3}
  1360 | D:2      | Reached XP level 4. HP: 37/40 MP: 5/5
  1893 | D:3      | Noticed Grinder
  1903 | D:3      | Paralysed by Grinder for 4 turns
  1910 | D:3      | Paralysed by Grinder for 3 turns
  1934 | D:3      | Paralysed by Grinder for 2 turns
  1937 | D:3      | Killed Grinder
  1938 | D:3      | Reached skill level 4 in Axes
  1938 | D:3      | Reached XP level 5. HP: 29/46 MP: 5/7
  1938 | D:3      | Reached XP level 6. HP: 33/52 MP: 5/8
  2070 | D:3      | Reached skill level 5 in Axes
  2584 | D:4      | Noticed Pargi
  2592 | D:4      | Killed Pargi
  2702 | D:4      | Reached XP level 7. HP: 32/60 MP: 9/9
  3020 | D:4      | Reached skill level 6 in Axes
  3344 | D:5      | Entered Level 5 of the Dungeon
  3380 | D:5      | Found a glowing drain.
  3397 | D:5      | Reached skill level 5 in Fighting
  3397 | D:5      | Reached skill level 5 in Armour
  3543 | D:5      | Reached skill level 5 in Shields
  3554 | Sewer    | Entered a sewer
  3846 | Sewer    | Found a viscous altar of Jiyva.
  3861 | Sewer    | Reached XP level 8. HP: 57/68 MP: 11/11
  3935 | Sewer    | Reached skill level 7 in Axes
  4608 | D:5      | Noticed Pikel
  4637 | D:5      | Killed Pikel
  4638 | D:5      | Reached skill level 8 in Axes
  4638 | D:5      | Reached skill level 5 in Invocations
  5060 | D:5      | Found a basalt altar of Yredelemnul.
  5157 | D:5      | Found a staircase to the Ecumenical Temple.
  5164 | Temple   | Entered the Ecumenical Temple
  5758 | D:5      | Reached XP level 9. HP: 56/75 MP: 13/13
  6021 | D:6      | Reached skill level 9 in Axes
  7793 | D:7      | Noticed Menkaure
  7799 | D:7      | Killed Menkaure
  7816 | D:7      | Reached skill level 10 in Axes
  7856 | D:7      | Became a worshipper of Beogh the Shepherd
  8085 | D:7      | Found an opulent altar of Gozag.
  8115 | D:7      | Reached XP level 10. HP: 35/86 MP: 15/15
  8307 | D:7      | Found Gadypah's General Store.
  8350 | D:7      | Found a burning altar of Makhleb.
  8646 | D:7      | Found an iron altar of Okawaru.
  9035 | D:7      | Reached * piety under Beogh
  9244 | D:8      | Identified the +3 scale mail of Quzui {+Blink}
  9371 | D:8      | Reached skill level 11 in Axes
  9935 | D:8      | Found a faded altar of an unknown god.
  9937 | D:8      | Found a hazy altar of Hepliaklqana.
 10419 | D:9      | Found a sacrificial altar of Ru.
 10430 | D:9      | Reached ** piety under Beogh
 10700 | D:9      | Identified the +3 ring mail of the Amoeba {Int+2}
 10734 | D:9      | Noticed Maggie
 10735 | D:9      | Found a staircase to the Lair.
 10742 | D:9      | Killed Maggie
 10776 | D:9      | Identified the +1 trident of Lytzanon {elec, rElec Str+4}
 10998 | D:9      | Found a glowing golden altar of the Shining One.
 11192 | D:9      | Reached skill level 12 in Axes
 11270 | D:9      | Found a shadowy altar of Dithmenos.
 11586 | D:9      | Found a blossoming altar of Fedhas.
 11681 | D:9      | Found a glowing silver altar of Zin.
 11763 | D:10     | Entered Level 10 of the Dungeon
 11836 | D:9      | Reached XP level 11. HP: 82/95 MP: 17/17
 12313 | D:10     | Noticed a two-headed ogre
 12320 | D:10     | Killed a two-headed ogre
 13114 | Lair:1   | Entered Level 1 of the Lair of Beasts
 13246 | Lair:1   | Reached *** piety under Beogh
 13272 | Lair:1   | Noticed a seven-headed hydra
 13281 | Lair:1   | HP: 2/95 [seven-headed hydra (8)]
 13281 | Lair:1   | Slain by a seven-headed hydra

Illustrated notes

Levels and vault maps discovered:
D:1:      dpeg_arrival_concentric_ovals, layout_basic
D:2:      layout_basic, chequers_ecumenical_altar_island
D:3:      layout_loops_corners, uniq_grinder
D:4:      layout_cave_pods, kennysheep_nondescript,
          hangedman_abyss_or_decor_slice, uniq_pargi
D:5:      corexii_shantytown, layout_basic, lemuel_tele_altar,
          minmay_temple_entry_nine_rooms, gup_sewer_entry_glass, uniq_pikel
D:6:      layout_basic
D:7:      layout_rooms, amcnicky_altar_gilded, overflow_temple_1_default,
          lightli_temple_of_fire, serial_shops, nicolae_shop_back_alley_shop,
          uniq_menkaure
D:8:      layout_gridville, beargit_hepliaklqana_dungeon_heroes,
          fungi_pond_lemuel
D:9:      layout_loops_ring, tso_metal_star, nicolae_ru_awakened_eye,
          fedhas_altar_4, nicolae_dithmenos_through_a_glass_darkly,
          marbit_many_paths, minivault_24, patterned_corridor, uniq_maggie
D:10:     layout_grid_maze
Temple:   nicolae_temple_bog_church
Lair:1:   layout_hall_layers, portal_ice_cave_rime, pdpol_lair_cavern_descent,
          grunt_megastairs_5, serial_bayou_shore_b

Skill      XL: |  1  2  3  4  5  6  7  8  9 10 11 |
---------------+----------------------------------+-----
Invocations    | 1 2 3 4 6 7 8 9 |  9.2
Axes           | 3 4 5 6 8 10 12 | 12.6
Fighting       | 4 5 6 7 8 |  8.7
Armour         | 4 5 6 7 8 |  8.7
Shields        | 4 5 6 7 8 |  8.5

Action                     |  1- 3 |  4- 6 |  7- 9 | 10-12 || total
---------------------------+-------+-------+-------+-------++-------
  Melee: War axe           |   113 |    97 |   480 |   129 ||   819
         Trident           |       |       |       |   159 ||   159
  Throw: Dart              |       |     2 |       |       ||     2
 Invoke: Convert to Beogh  |       |       |     1 |       ||     1
         Smiting           |       |       |       |     1 ||     1
  Evoke: Wand              |       |       |    16 |     2 ||    18
    Use: Scroll            |     2 |     2 |     5 |    14 ||    23
         Potion            |       |     3 |     3 |     6 ||    12
   Stab: Paralysed         |       |       |     2 |       ||     2
         Invisible         |       |       |     2 |       ||     2
 Armour: Scale mail        |    82 |    60 |     3 |   276 ||   421
         Skin              |       |    15 |       |       ||    15
         Chain mail        |       |       |   367 |       ||   367
  Dodge: Dodged            |    66 |    31 |   156 |   130 ||   383
  Block: Buckler           |    29 |    32 |   135 |    30 ||   226
         Kite shield       |       |       |       |   121 ||   121

Table legend: (Time is in decaauts)
 A = Elapsed time spent in this place.
 B = Non-inter-level travel time spent in this place.
 C = Inter-level travel time spent in this place.
 D = Time resting spent in this place.
 E = Time spent auto-exploring this place.
 F = Levels seen in this place.
 G = Mean time per level.
                   A        B        C        D        E       F      G
               +--------+--------+--------+--------+--------+-----+--------+
         Total |  13396 |  13014 |    382 |   3105 |   7671 |  13 | 1030.5 |
       Dungeon |  12736 |  12361 |    375 |   2954 |   7423 |  10 | 1273.6 |
        Temple |     15 |      8 |      7 |      0 |      0 |   1 |   15.0 |
          Lair |    170 |    170 |      0 |     52 |      0 |   1 |  170.0 |
         Sewer |    474 |    474 |      0 |     99 |    248 |   1 |  474.0 |
               +--------+--------+--------+--------+--------+-----+--------+

Top non-repeatable levels by time:
     D:5: 2083 daAuts
     D:6: 1910 daAuts
     D:8: 1634 daAuts
     D:9: 1234 daAuts
    D:10: 1229 daAuts
     D:7: 1219 daAuts
     D:1: 1038 daAuts
     D:3: 1019 daAuts
     D:4: 795 daAuts
     D:2: 570 daAuts
   Sewer: 474 daAuts
  Lair:1: 170 daAuts
  Temple: 15 daAuts
